 Seeded DCSS version 0.29-a0-617-g7a6b98fccd (webtiles) character file.

Game seed: 16082249642278480031 (custom seed)

5 zeratav the Stinger (level 1, 0/11 HPs)
             Began as an Octopode Venom Mage on June 17, 2022.
             Slain by a jackal (1 damage)
             ... on level 1 of the Dungeon.
             The game lasted 00:00:32 (257 turns).

zeratav the Stinger (Octopode Venom Mage)            Turns: 257, Time: 00:00:33

Health: 0/11       AC:  1    Str:  7    XL:     1   Next: 80%
Magic:  2/3        EV: 13    Int: 17    God:
Gold:   9          SH:  0    Dex: 12    Spells: 3/4 levels left

rFire   . . .      SeeInvis .   b - +0 whip {mace}
rCold   . . .      Faith    .   (no shield)
rNeg    . . .      Spirit   .   (helmet restricted)
rPois   .          Reflect  .   (no amulet)
rElec   .          Harm     .   (no ring)
rCorr   .          Rampage  .   (no ring)
Will    .....                   (no ring)
Stlth   +++.......              (no ring)
HPRegen 0.03/turn               (no ring)
MPRegen 0.08/turn               (no ring)
                                (no ring)
                                (no ring)

@: no status effects
A: almost no armour, amphibious, 8 rings, camouflage 1, gelatinous body 1,
(nimble swimmer 1), tentacles
a: no special abilities


You were on level 1 of the Dungeon.
You visited 1 branch of the dungeon, and saw 1 of its levels.

You collected 9 gold pieces.


Innate Abilities, Weirdness & Mutations

You cannot wear most types of armour.
You are amphibious.
You can wear up to eight rings at the same time.
Your skin changes colour to match your surroundings (Stealth+).
Your rubbery body absorbs attacks. (AC +1, EV +1)
((You are camouflaged when in or above water. (Stealth+)))
You have tentacles for arms and can constrict up to eight enemies at once.


   Skills:
 - Level 2.0 Dodging
 * Level 3.0 Stealth
 + Level 2.0 Spellcasting
 - Level 1.0 Transmutations
 * Level 3.8 Poison Magic


You had 3 spell levels left.
You knew the following spells:

 Your Spells              Type           Power      Damage    Failure   Level
a - Sting                 Tmut/Pois      40%        1d5       7%          1

Your spell library contained the following spells:

 Spells                   Type           Power      Damage    Failure   Level
 Poisonous Vapours        Pois/Air       16%        N/A       13%         2
 Mephitic Cloud           Conj/Pois/Air  6%         N/A       34%         3
 Olgreb's Toxic Radiance  Pois           14%        N/A       36%         4

Inventory:

Hand Weapons
 b - a +0 whip (weapon) {mace}
   (You found it on level 1 of the Dungeon)
Potions
 a - a potion of magic
 c - a potion of curing {unknown}

Dungeon Overview and Level Annotations

Branches:
Dungeon (1/15) Zot: 5741

Altars:

..# ## ..# .. ... . #.#.#
##.#. #.h. #hr# ##### #hh#
#.... #.@#####.. #....
#####.......... #...#
+............... #...#
#####........... #...#
#............... #...#
#...........^.. ##...#
##.##............# .##...#
.................##..##..†.
##.#####..............#...#


You could see a quokka and 4 jackals.


Message History

You lost 1 mp, and now have 1/3 mp.
The sting hits the hobgoblin.
The hobgoblin looks even sicker.
You kill the hobgoblin!
A rat comes into view.
MP[-1]
You lost 1 mp, and now have 0/3 mp.
A rat is nearby!
You closely miss the rat. Your grab misses the rat. The rat barely misses you.
You completely miss the rat. Your grab misses the rat.
Your squeeze misses the rat. The rat closely misses you.
You barely miss the rat. Your grab misses the rat. You squeeze the rat.
You kill the rat!
A rat comes into view.
MP[+3]
Your mp is fully restored (3).
A rat is nearby!
You miscast Sting.
You are very lightly contaminated with residual magic.
Nothing appears to happen.
MP[-1]
You lost 1 mp, and now have 2/3 mp.
The sting hits the rat.
The rat is poisoned.
You kill the rat!
Your Stealth skill increases to level 3!
MP[-1]
You lost 1 mp, and now have 1/3 mp.
No target in view!
Your magical contamination has completely faded away.
b - a +0 whip {mace} MP[+2]
Your mp is fully restored (3).
b - a +0 whip (weapon)
{mace} A goblin comes into view. It is wielding a +0 dagger.
A goblin is nearby!
The goblin shouts!
You miss the goblin. Your grab misses the goblin. The goblin barely misses you.
You hit the goblin. Your grab misses the goblin.
Your squeeze misses the goblin. The goblin completely misses you.
You hit the goblin.
You kill the goblin!
No target in view!
No target in view!
No target in view!
No target in view!
No target in view!
No target in view!
No target in view!
No target in view!
No target in view!
No target in view!
No target in view!
No target in view!
No target in view!
No target in view!
No target in view!
Things that are here:
a +0 dagger {short}; a goblin corpse
c - an amethyst potion A jackal comes into view.
A jackal is nearby!
The jackal barks!
A jackal comes into view.
A jackal comes into view.
A quokka comes into view.
A jackal comes into view.
The jackal misses you.
You closely miss the jackal.
The jackal barks! x3
Your grab misses the jackal.
Your tentacle-slap misses the jackal.
The jackal bites you.
HP[-2]
You take 2 damage, and now have 9/11 hp.
You hit the jackal but do no damage. Your grab misses the jackal.
You barely miss the jackal. Your grab misses the jackal. You miss the quokka.
You grab the quokka.
You constrict the quokka, but do no damage.
The jackal bites you. The jackal closely misses you.
The quokka closely misses you. The jackal closely misses you. x2
The quokka bites you.
* * * LOW HITPOINT WARNING * * *
You are too injured to fight recklessly!
HP[-5]
You take 5 damage, and now have 4/11 hp.
MASSIVE DAMAGE!! (PAUSE)
Casting: Sting (safe; 7% risk of failure)
Confirm with . or Enter, or press ? or * to list all spells.
Aiming: Sting (safe; 7% risk of failure)
Press: ? - help, Shift-Dir - straight line, f - jackal
Aim: a jackal (64% to hit)
The sting misses the jackal.
You constrict the quokka, but do no damage.
The jackal closely misses you. The jackal bites you.
* * * LOW HITPOINT WARNING * * *
The quokka closely misses you.
HP[-3] MP[-1]
You take 3 damage, and now have 1/11 hp.
MASSIVE DAMAGE!! (PAUSE)
You lost 1 mp, and now have 2/3 mp.
You release your grip on the quokka.
The jackal barely misses you.
The jackal bites you but does no damage.
The jackal bites you.
You die...

Skill      XL: |  1 |
---------------+----+-----
Stealth        | 3 |  3.0
Dodging        | |  2.0
Spellcasting   | |  2.0
Transmutations | |  1.0
Poison Magic   | |  3.8

Action                   || total
-------------------------++-------
Melee: Whip              ||     7
       Unarmed           ||     4
       Constrict         ||     1
       Tentacles         ||     1
 Cast: Sting             ||     8
Armor: Skin              ||     1
Dodge: Dodged            ||    15

Levels and vault maps discovered:
D:1:      dpeg_arrival_boxes_within_box, layout_basic, amcnicky_mini_pool_small

Notes
Turn   | Place    | Note
-------+----------+-------------------------------------------
     0 | D:1      | zeratav the Octopode Venom Mage began the quest for the
                  | Orb.
     0 | D:1      | Reached XP level 1. HP: 11/11 MP: 3/3
     0 | D:1      | magus.rc [v1.9.6]
   151 | D:1      | Reached skill level 3 in Stealth
   256 | D:1      | HP: 1/11 [jackal (3)]
   257 | D:1      | Slain by a jackal

Vanquished Creatures
  A goblin (D:1)
  A hobgoblin (D:1)
  A quokka (D:1)
  2 rats (D:1)
5 creatures vanquished.

Table legend:
 A = Non-vault XP
 B = Vault XP
 C = Vault XP percentage of total XP
 D = Non-vault monster count
 E = Vault monster count
 F = Vault count percentage of total count
                 A         B        C        D         E       F
            +---------+---------+-------+---------+---------+-------
      Total |       8 |       0 |   0.0 |       5 |       0 |   0.0
            +---------+---------+-------+---------+---------+-------
        D:1 |       8 |       0 |   0.0 |       5 |       0 |   0.0
            +---------+---------+-------+---------+---------+-------

Illustrated notes

Table legend:
 A = Kills in this place as a percentage of kills in entire the game.
 B = Kills by you in this place as a percentage of kills by you in the entire game.
 C = Kills by friends in this place as a percentage of kills by friends in the entire game.
 D = Other kills in this place as a percentage of other kills in the entire game.
 E = Experience gained in this place as a percentage of experience gained in the entire game.
 F = Experience gained in this place divided by the number of levels of this place that you have seen.
                   A       B       C       D       E      F
               +-------+-------+-------+-------+-------+----------------------
         Total | 100.0 | 100.0 |   N/A |   N/A | 100.0 |   8.0
       Dungeon | 100.0 | 100.0 |   N/A |   N/A | 100.0 |   8.0
               +-------+-------+-------+-------+-------+----------------------

Table legend: (Time is in decaauts)
 A = Elapsed time spent in this place.
 B = Non-inter-level travel time spent in this place.
 C = Inter-level travel time spent in this place.
 D = Time resting spent in this place.
 E = Time spent auto-exploring this place.
 F = Levels seen in this place.
 G = Mean time per level.
                   A        B        C        D        E       F      G
               +--------+--------+--------+--------+--------+-----+--------+
         Total |    257 |    257 |      0 |     33 |    177 |   1 |  257.0 |
       Dungeon |    257 |    257 |      0 |     33 |    177 |   1 |  257.0 |
               +--------+--------+--------+--------+--------+-----+--------+

Top non-repeatable levels by time:
     D:1: 257 daAuts
